 Dungeon Sprint DCSS version 0.27.1-33-g824d729ab1 (webtiles) character file.

Game seed: 4761578726876566560

1718 Hipnos the Unseen (level 9, 0/53 HPs)
             Began as a Gargoyle Brigand on Dec 2, 2021.
             Was a Believer of Okawaru.
             Slain by a hellwing (4 damage)
             ... summoned by a kobold demonologist
             ... in the Dungeon (Sprint I: "Red Sonja").
             The game lasted 00:04:15 (424 turns).

Hipnos the Unseen (Gargoyle Brigand)                 Turns: 424, Time: 00:04:16

Health: 0/53       AC: 10    Str: 15    XL:     9   Next: 4%
Magic:  9/9        EV: 12    Int: 16    God:    Okawaru [**....]
Gold:   576        SH:  0    Dex: 14    Spells: 8/8 levels left

rFire    . . .     SeeInvis +   m - +1 short sword (drain)
rCold    . . .     Faith    .   (no shield)
rNeg     + + .     Spirit   .   b - +0 robe
rPois    ∞         Reflect  .   (no helmet)
rElec    +         Harm     .   c - +0 cloak
rCorr    .         Rampage  .   n - +0 pair of gloves "Wayq" {rN+ Int+4 SInv}
Will     .....     NoTele   +   (no boots)
Stlth    +++++++...             (no amulet)
HPRegen  0.17/turn              (no ring)
MPRegen  0.11/turn              (no ring)

@: no status effects
A: sickness immunity, AC +6, negative energy resistance 1, electricity
resistance, torment resistance 1, petrification resistance
a: Renounce Religion, Heroism


You were in the Dungeon.
You worshipped Okawaru.
Okawaru was pleased with you.
You visited 1 branch You collected 859 gold pieces.
You spent 283 gold pieces at shops.

Inventory:

Hand Weapons
 a - a +2 dagger
 m - a +1 short sword of draining (weapon)
Missiles
 d - 3 poisoned darts (quivered)
Armour
 b - a +0 robe (worn)
 c - a +0 cloak (worn)
 n - the +0 pair of gloves "Wayq" (worn) {rN+ Int+4 SInv}
   (You bought it in a shop in the Dungeon)

   Int:       It affects your intelligence (+4).
   rN:        It protects you from negative energy.
   SInv:      It lets you see invisible.
Wands
 l - a wand of digging (6)
 p - a wand of flame (2)
Scrolls
 g - a scroll of fog {unknown}
 k - a scroll of blinking
 o - a scroll of identify {unknown}
 q - a scroll of immolation {unknown}
Potions
 f - 3 potions of curing
 h - a potion of haste
 i - 2 potions of magic
 j - 2 potions of berserk rage


   Skills:
 + Level 4.9 Fighting
 + Level 4.7 Short Blades
 + Level 5.2 Throwing
 + Level 1.8 Dodging
 * Level 19.5 Stealth


You had 8 spell levels left.
You didn't know any spells.
Your spell library was empty.

Dungeon Overview and Level Annotations

Branches:
Dungeon (1/1)

Altars:
Cheibriados
Dithmenos
Elyvilon
Fedhas
Gozag
Hepliaklqana
Kikubaaqudgha
Makhleb
Nemelex Xobeh
Okawaru
Qazlal
Ru
Sif Muna
Trog
Uskayaw
Vehumet
Wu Jian
Xom
Yredelemnul
Zin
The Shining One
Jiyva
Lugonu

Shops:
D (=[


Innate Abilities, Weirdness & Mutations

You are immune to sickness and miasma.
Your stone body is resilient. (AC +6)
You are immune to poison.
You resist negative energy. (rN+)
You are resistant to electric shocks. (rElec)
You are resistant to unholy torment.
You are immune to petrification.


Message History

The poisoned dart completely misses the hellwing.
The poisoned dart barely misses the ynoxinul.
The poisoned dart closely misses the orange demon.
The poisoned dart hits the kobold demonologist!
The kobold demonologist looks even sicker.
The kobold demonologist is heavily wounded.
The ufetubus hits you but does no damage.
The ufetubus closely misses you.
The ufetubus hits you but does no damage.
The ufetubus closely misses you. x3
Unknown command.
Throw: 4 darts (poison)
Press: ? - help, Q - select action, (/) - cycle Shift-Dir - straight line, f/p - kobold demonologist
Aim: a kobold demonologist, wielding a +0 dagger and wearing a +0 robe (heavily wounded, very poisoned, slow, 53% to hit)
You throw a poisoned dart. The poisoned dart hits the hellwing!
The hellwing is poisoned.
The ufetubus closely misses you. The ufetubus barely misses you. x3
The ufetubus hits you but does no damage.
The ufetubus closely misses you. The hellwing barely misses you. x2
The kobold demonologist gestures wildly while chanting.
The floating eye seems to glare at you.
Okay, then.
Aiming: Throw Flame
Press: ? - help, Shift-Dir - straight line, f/p - kobold demonologist
Aim: a kobold demonologist, wielding a +0 dagger and wearing a +0 robe (heavily wounded, very poisoned, slow, 56% to hit)
The puff of flame hits the hellwing but does no damage.
The ufetubus completely misses you. The ufetubus closely misses you. x2
The ufetubus barely misses you. x2; The ufetubus misses you.
The hellwing closely misses you. The hellwing hits you!
* * * LOW HITPOINT WARNING * * *
The ufetubus barely misses you. The ufetubus closely misses you. x2
The ufetubus hits you but does no damage. x3
You closely miss the ufetubus.
The ufetubus hits you but does no damage.
The ufetubus barely misses you. The ufetubus completely misses you.
The ufetubus hits you but does no damage.
The ufetubus barely misses you. x2; The hellwing hits you!
* * * LOW HITPOINT WARNING * * *
The hellwing hits you.
You die... ###################### ..'..#.)'..#__#5@443K# ..#.)'..#..'..'55#5G4# ####'#####'#__#### K5+

###..#...#(#### ##
__####..##)#
_____##'#_.+
_.∩...'..._#
_..__##_.#'##+###
_____###'#(#....###


You could see an orange demon (summoned), a hellwing (summoned, very poisoned),
a rust devil (summoned), 2 kobold demonologists, a ynoxinul (summoned), a
floating eye (charged) and 5 ufetubi.

Vanquished Creatures
  Sonja (D)
  A deep troll (D)
  A slime creature (D)
  Sigmund (D)
  A yak (D)
  An ogre (D)
  A jelly (D)
  Ijyb (D)
  A ballistomycete spore (D)
9 creatures vanquished.

Vanquished Creatures (others)
  A gargoyle (D)
  A ballistomycete spore (D)
2 creatures vanquished.

Grand Total: 11 creatures vanquished

Notes
Turn   | Place    | Note
-------+----------+-------------------------------------------
     0 | D        | Hipnos the Gargoyle Brigand began the quest for the Orb.
     0 | D        | Reached XP level 1. HP: 12/12 MP: 1/1
     1 | D        | Noticed Ijyb
    12 | D        | Killed Ijyb
    13 | D        | Reached skill level 7 in Stealth
    13 | D        | Reached XP level 2. HP: 15/18 MP: 2/2
    65 | D        | Noticed an ogre
    69 | D        | Killed an ogre
    70 | D        | Reached skill level 1 in Dodging
    70 | D        | Reached skill level 10 in Stealth
    70 | D        | Reached XP level 3. HP: 23/23 MP: 3/3
    70 | D        | Reached XP level 4. HP: 28/28 MP: 4/4
    80 | D        | Noticed Sigmund
    83 | D        | Killed Sigmund
    84 | D        | Reached skill level 13 in Stealth
    84 | D        | Reached XP level 5. HP: 32/32 MP: 5/5
    84 | D        | Reached XP level 6. HP: 37/37 MP: 6/6
    95 | D        | Found an ornate altar of the Wu Jian Council.
    95 | D        | Found a shimmering blue altar of Sif Muna.
    97 | D        | Found a radiant altar of Vehumet.
   104 | D        | Found Ustrymedgh's Jewellery Emporium.
   104 | D        | Found an ancient bone altar of Kikubaaqudgha.
   104 | D        | Found a hazy altar of Hepliaklqana.
   104 | D        | Found a stormy altar of Qazlal.
   104 | D        | Found a hide-covered altar of Uskayaw.
   104 | D        | Found a blossoming altar of Fedhas.
   104 | D        | Found a bloodstained altar of Trog.
   104 | D        | Found an iron altar of Okawaru.
   104 | D        | Found a basalt altar of Yredelemnul.
   104 | D        | Found a glowing golden altar of the Shining One.
   104 | D        | Found a snail-covered altar of Cheibriados.
   104 | D        | Found a sacrificial altar of Ru.
   104 | D        | Found a glowing silver altar of Zin.
   104 | D        | Found a shadowy altar of Dithmenos.
   104 | D        | Found a white marble altar of Elyvilon.
   104 | D        | Noticed a yak
   105 | D        | Found an opulent altar of Gozag.
   106 | D        | Killed a yak
   107 | D        | Reached skill level 15 in Stealth
   107 | D        | Reached XP level 7. HP: 42/42 MP: 7/7
   107 | D        | Found a sparkling altar of Nemelex Xobeh.
   112 | D        | Became a worshipper of Warmaster Okawaru
   150 | D        | Found a burning altar of Makhleb.
   150 | D        | Found a viscous altar of Jiyva.
   150 | D        | Found a shimmering altar of Xom.
   150 | D        | Found a corrupted altar of Lugonu.
   150 | D        | Noticed a slime creature
   153 | D        | Killed a slime creature
   154 | D        | Reached skill level 16 in Stealth
   177 | D        | Noticed Sonja
   181 | D        | Killed Sonja
   181 | D        | Reached * piety under Okawaru
   181 | D        | Reached ** piety under Okawaru
   182 | D        | Reached skill level 18 in Stealth
   182 | D        | Reached XP level 8. HP: 48/48 MP: 8/8
   198 | D        | Found Teyroa's Weapon Boutique.
   218 | D        | Noticed a deep troll
   257 | D        | Killed a deep troll
   258 | D        | Reached skill level 5 in Throwing
   258 | D        | Reached skill level 19 in Stealth
   258 | D        | Reached XP level 9. HP: 35/53 MP: 9/9
   288 | D        | Found Odda Kal's Armour Emporium.
   293 | D        | Bought the +0 pair of gloves "Wayq" {rN+ Int+4 SInv} for
                  | 283 gold pieces
   392 | D        | Killed a gargoyle
   410 | D        | Noticed a kobold demonologist
   410 | D        | Noticed a kobold demonologist
   413 | D        | Noticed a rust devil
   413 | D        | Noticed a hellwing
   415 | D        | Noticed an orange demon
   418 | D        | Paralysed by a floating eye for 2 turns
   424 | D        | Slain by a hellwing

Illustrated notes

Levels and vault maps discovered:
D:        dungeon_sprint_1 [red_sonja_temple_1, red_sonja_temple_small_1]

Skill      XL: |  1  2  3  4  5  6  7  8 |
---------------+-------------------------+-----
Short Blades   | 2 3 4 |  4.7
Throwing       | 2 3 4 5 |  5.2
Stealth        | 7 10 13 15 18 19 | 19.5
Fighting       | 3 4 |  4.9
Dodging        | 1 |  1.8

Action                   |  1- 3 |  4- 6 |  7- 9 || total
-------------------------+-------+-------+-------++-------
Melee: Dagger            |     2 |     3 |     2 ||     7
       Short sword       |       |       |     2 ||     2
Throw: Dart              |     4 |       |    20 ||    24
Evoke: Wand              |       |       |     3 ||     3
  Use: Potion            |       |       |     1 ||     1
 Stab: Sleeping          |     1 |     3 |     2 ||     6
Armor: Robe              |       |       |    32 ||    32
Dodge: Dodged            |     2 |       |    42 ||    44
